 Dungeon Crawl Stone Soup version 0.29.1-12-g30fa7ad0bf (webtiles) character file.

Game seed: 11140421256796771941

4 MacCMillion the Shooter (level 1, 10/10 HPs)
             Began as a Spriggan Hunter on Jan 8, 2023.
             Quit the game on level 1 of the Dungeon.
             The game lasted 00:00:33 (268 turns).

MacCMillion the Shooter (Spriggan Hunter)            Turns: 268, Time: 00:00:33

Health: 10/10      AC:  2    Str:  7    XL:     1   Next: 58%
Magic:  2/2        EV: 17    Int: 10    God:
Gold:   28         SH:  0    Dex: 18    Spells: 0/0 levels left

rFire   . . .      SeeInvis +   a - +0 shortbow
rCold   . . .      Faith    .   (shield currently unavailable)
rNeg    . . .      Spirit   .   c - +0 robe
rPois   .          Reflect  .   (helmet restricted)
rElec   .          Harm     .   (no cloak)
rCorr   .          Rampage  .   (gloves unavailable)
Will    .....                   (boots unavailable)
Stlth   ++........              (no amulet)
HPRegen 0.03/turn               (no ring)
MPRegen 0.08/turn               (no ring)

@: very quick
A: very small, no large weapons, unfitting armour, see invisible, speed 3
a: no special abilities


You were on level 1 of the Dungeon.
You visited 1 branch of the dungeon, and saw 1 of its levels.

You collected 28 gold pieces.

Inventory:

Hand Weapons
 a - a +0 shortbow (weapon)
Armour
 c - a +0 robe (worn)
Jewellery
 e - an amulet of faith
Scrolls
 b - a scroll of immolation
 d - a scroll of blinking {unknown}


   Skills:
 - Level 1.5 Fighting
 + Level 4.2 Ranged Weapons
 - Level 2.6 Dodging
 - Level 1.5 Stealth


You couldn't memorise any spells.
You didn't know any spells.
Your spell library was empty.

Dungeon Overview and Level Annotations

Branches:
Dungeon (1/15)

Altars:


Innate Abilities, Weirdness & Mutations

You are very small and have problems with some larger weapons.
You are too small for most types of armour.
You have supernaturally acute eyesight. (SInv)
You cover ground extremely quickly. (Speed+++)


Message History

There is a stone staircase leading down here.
Found a stone staircase leading down.
You now have 22 gold pieces (gained 3).
e - an amulet of faith
There is an open door here.
There is an open door here.
There is an escape hatch in the floor here.
A ball python comes into view.
You shoot an arrow. The arrow hits the ball python.
The ball python hisses angrily.
The ball python is moderately wounded.
You shoot an arrow.
The arrow barely misses the ball python.
You shoot an arrow.
The arrow closely misses the ball python.
The ball python closely misses you. The ball python barely misses you.
You shoot an arrow.
The arrow closely misses the ball python.
The ball python bites you but does no damage.
The ball python closely misses you.
You shoot an arrow.
The arrow hits the ball python but does no damage.
The ball python completely misses you. The ball python barely misses you.
The ball python closely misses you. The ball python barely misses you.
You shoot an arrow.
The arrow closely misses the ball python.
You shoot an arrow. The arrow hits the ball python.
You kill the ball python!
No target in view!
No target in view!
You see here a ball python corpse.
Found a faded altar of an unknown god.
You now have 28 gold pieces (gained 6).
A ball python comes into view.
You shoot an arrow. The arrow hits the ball python!
You kill the ball python!
No target in view!
No target in view!
No target in view!
Are you sure you want to abandon this character and quit the game? (Confirm with "yes".)

###### #.....#....#
#.....#....####
#.....##......#
#.....##......# ###
.....##......# #..
##...# ##.....###..
#....####......##..
#.@.# #............
##...# #.########...
#...## #....##..##..
##...# ##.......##..
#....#######........#
##......#.#####......#
#.....#.#.#>#####....#
#.....#.#.....#####...
#_....#.#.......######


There were no monsters in sight!

Vanquished Creatures
  A dart slug (D:1)
  2 ball pythons (D:1)
3 creatures vanquished.

Notes
Turn   | Place    | Note
-------+----------+-------------------------------------------
     0 | D:1      | MacCMillion the Spriggan Hunter began the quest for the
                  | Orb.
     0 | D:1      | Reached XP level 1. HP: 10/10 MP: 2/2
   253 | D:1      | Found a faded altar of an unknown god.
   268 | D:1      | Quit the game

Illustrated notes

Levels and vault maps discovered:
D:1:      dpeg_arrival_long_road, layout_basic,
          hellmonk_ecumenical_altar_zigzags

Action                   || total
-------------------------++-------
 Fire: Shortbow          ||    11
Armor: Robe              ||     1
Dodge: Dodged            ||     8
